 Dungeon Crawl Stone Soup version 0.30-b1-2-g02819fbbbe (webtiles) character file.

Game seed: 7694315276098017704

46 MajorAdolf the Chiller (level 3, -1/31 HPs)
             Began as a Naga Wanderer on Aug 30, 2023.
             Slain by a gnoll
             ... wielding a +0 spear
              (8 damage)
             ... on level 2 of the Dungeon.
             The game lasted 00:04:08 (1744 turns).

MajorAdolf the Chiller (Naga Wanderer)              Turns: 1744, Time: 00:04:08

Health: -1/31      AC:  2    Str: 13    XL:     3   Next: 66%
Magic:  2/4        EV:  8    Int: 15    God:
Gold:   119        SH:  3    Dex: 10    Spells: 3/4 levels left

rFire   . . .        g - staff of cold
rCold   + . .        i - +0 buckler
rNeg    . . .        d - +0 robe
rPois   +            (no helmet)
rElec   .            (no cloak)
rCorr   .            (no gloves)
SInv    +            (no barding)
Will    .....        (no amulet)
Stlth   +            (no ring)
HPRegen 0.25/turn    (no ring)
MPRegen 0.09/turn

%: no passive effects
@: very slow
A: AC +1, large, see invisible, deformed body, poison resistance, slowness 2,
spit poison 1, naga tail 1
a: Spit Poison


You were on level 2 of the Dungeon.
You visited 1 branch of the dungeon, and saw 2 of its levels.

You collected 119 gold pieces.

Inventory:

Hand Weapons
 a - a +0 dagger
 f - a +0 dagger of draining
Missiles
 b - 7 boomerangs
Armour
 d - a +0 robe (worn)
 i - a +0 buckler (worn)
Magical Staves
 g - a staff of cold (weapon)
Scrolls
 c - a scroll of fear
 k - a scroll of teleportation {unknown}
Potions
 e - a potion of curing {unknown}
 h - 2 potions of flight {unknown}
 j - 2 potions of ambrosia {unknown}


   Skills:
 + Level 1.6 Fighting
 + Level 1.2 Staves
 - Level 1.0 Throwing
 + Level 0.5 Shields
 - Level 1.0 Spellcasting
 - Level 3.0 Translocations
 + Level 3.8 Ice Magic
 - Level 1.0 Evocations


You had 3 spell levels left.
You knew the following spells:

 Your Spells              Type           Power      Damage    Failure   Level
a - Freeze                Ice            72%        1d8       7%          1

Your spell library contained the following spells:

 Spells                   Type           Power      Damage    Failure   Level
 Apportation              Tloc           18%        N/A       10%         1
 Ozocubu's Armour         Ice            18%        N/A       22%         3
 Gell's Gravitas          Tloc           9%         N/A       30%         3
 Vhi's Electric Charge    Tloc/Air       10%        N/A       50%         3


Dungeon Overview and Level Annotations

Branches:
Dungeon (2/15)

Altars:

Shops:
D:1 *[:


Innate Abilities, Weirdness & Mutations

Your serpentine skin is tough. (AC +1)
You have supernaturally acute eyesight. (SInv)
Armour fits poorly on your strangely shaped body.
Your system is resistant to poisons. (rPois)
You cover ground very slowly.
You can spit poison.
You have a snake-like lower body.


Message History

You feel a surge of power!
You miscast Freeze.
You are very lightly contaminated with residual magic.
Nothing appears to happen.
The kobold hits you with a +0 short sword.
The gnoll hits you from afar with a +0 spear.
You are out of magic!
Unknown command.
The kobold throws a stone.
You block the stone.
The gnoll hits you from afar with a +0 spear.
The kobold throws a stone.
The stone barely misses you. The gnoll hits you but does no damage.
Aiming: Spit Poison (2% risk of failure)
Press: ? - help, Shift-Dir - straight line, f/p - kobold
Aim: a kobold, wielding a +0 short sword and quivering stones (50% to hit)
The splash of poison misses the gnoll.
The splash of poison hits the kobold.
You kill the kobold!
The gnoll hits you from afar with a +0 spear!
* * * LOW HITPOINT WARNING * * *
Your magical contamination has completely faded away.
Okay, then.
Okay, then.
You have got your breath back.
A gnoll comes into view. It is wielding a +0 spear.
You block the gnoll's attack.
Okay, then.
Aiming: Freeze (safe; 7% risk of failure)
Press: ? - help, Q - select action, (/) - cycle Shift-Dir - straight line, f - you
Okay, then.
Aiming: Spit Poison (2% risk of failure)
Press: ? - help, Shift-Dir - straight line, f - gnoll
Aim: a gnoll, wielding a +0 spear (65% to hit)
The splash of poison hits the gnoll.
The gnoll is poisoned.
The gnoll is lightly wounded.
The gnoll shouts!
You hear a shout!
The gnoll hits you from afar with a +0 spear.
* * * LOW HITPOINT WARNING * * *
A gnoll comes into view. It is wielding a +0 flail.
You have got your breath back.
The gnoll hits you from afar with a +0 spear!
You die...

#.....##.# #.#.......#
#......#.# #.#######.#
#.####.#.# #. #.# ...
#.#.# #.#######.# #..
#...# #.#.......#
##.#####..#####.#.#######
#....<.........#.#
####.....###.###.#
##>...@##.###.#######
#.....#..#.#.#.#.....#
+.....#..g.g.g....##.#
#.##..#..###.###).?..# #.
.#..##...#..†#....# #.
.#...#...#...#....# ##.
#...#..###.....#
.#..###..#. #..#.. .#..
#...#.. .....


You could see a gnoll (poisoned).

Vanquished Creatures
  2 adders (D:2)
  A dart slug (D:1)
  2 endoplasms (D:1)
  3 goblins (D:1)
  5 hobgoblins
  5 kobolds
  2 quokkas (D:1)
  4 bats
  A rat (D:1)
25 creatures vanquished.

Vanquished Creatures (others)
  A plant (D:1)
1 creature vanquished.

Grand Total: 26 creatures vanquished

Notes
Turn   | Place    | Note
-------+----------+-------------------------------------------
     0 | D:1      | MajorAdolf the Naga Wanderer began the quest for the Orb.
     0 | D:1      | MajorAdolf set off with the following items: a +0 dagger, 7
                  | boomerangs, a scroll of fear, a +0 robe; and the following
                  | spells available to memorise: Apportation, Freeze, Gell's
                  | Gravitas, Ozocubu's Armour, Vhi's Electric Charge.
     0 | D:1      | Reached XP level 1. HP: 18/18 MP: 2/2
   459 | D:1      | Reached XP level 2. HP: 7/25 MP: 3/3
   470 | D:1      | Learned a level 1 spell: Freeze
   548 | D:1      | Found Ravasmiy's Antique Armour Emporium.
  1139 | D:1      | Found Luowoos's Assorted Antiques.
  1304 | D:1      | Reached XP level 3. HP: 31/31 MP: 2/4
  1378 | D:1      | Found Ciacs's Book Shop.
  1602 | D:2      | Reached skill level 1 in Staves
  1744 | D:2      | Slain by a gnoll

Illustrated notes

Levels and vault maps discovered:
D:1:      evilmike_arrival_rings, layout_basic, serial_shops,
          nicolae_square_shop, nicolae_shop_window_shopping, shop,
          chequers_big_river
D:2:      layout_basic, dreamdust_ecumenical_altar_angels_and_demons,
          nicolae_titane

Skill      XL: |  1  2  3 |
---------------+----------+-----
Staves         | 1 |  1.2
Fighting       | |  1.6
Throwing       | |  1.0
Shields        | |  0.5
Spellcasting   | |  1.0
Translocations | |  3.0
Ice Magic      | |  3.8
Evocations     | |  1.0

Action                     || total
---------------------------++-------
  Melee: Dagger            ||    26
         Staff             ||    27
  Throw: Boomerang         ||    11
   Cast: Freeze            ||    19
Ability: Spit Poison       ||    11
 Armour: Robe              ||     8
  Dodge: Dodged            ||    43
  Block: Buckler           ||     2
